 Dungeon Crawl Stone Soup version 0.24-a0-355-gbe4061de67 (webtiles) character file.

Game seed: 4290115021972706070

114 Borgoz the Slasher (level 4, -5/37 (38) HPs)
             Began as a Ghoul Monk on May 24, 2019.
             Slain by Duvessa
             ... wielding a +0 short sword
              (7 damage)
             ... on level 4 of the Dungeon.
             The game lasted 00:03:39 (2643 turns).

Borgoz the Slasher (Ghoul Monk)                     Turns: 2643, Time: 00:03:39

HP:   -5/37 (38)    AC:  8    Str: 15    XL:     4   Next: 97%
MP:   3/3           EV:  7    Int:  5    God:
Gold: 85            SH:  0    Dex: 11    Spells: 3/3 levels left

rFire    . . .     SeeInvis .   a - +1 falchion
rCold    + . .     Gourm    .   (no shield)
rNeg     + + +     Faith    .   l - +0 chain mail
rPois    ∞         Spirit   .   (no helmet)
rElec    .         Reflect  .   (no cloak)
rCorr    .         Harm     .   (no gloves)
MR       .....                  (no boots)
Stlth    ..........             (no amulet)
HPRegen  0.00/turn              b - +5 ring of slaying
MPRegen  0.08/turn              (no ring)

@: about to teleport, rotting
A: rotting body, claws 1, carnivore, cold resistance 1, negative energy
resistance 3, inhibited regeneration, torment resistance, unbreathing
a: no special abilities


You were on level 4 of the Dungeon.
You were not hungry.

You visited 1 branch of the dungeon, and saw 4 of its levels.

You collected 85 gold pieces.

Inventory:

Hand Weapons
 a - a +1 falchion (weapon)
Armour
 l - a +0 chain mail (worn)
Jewellery
 b - a +5 ring of slaying (left claw)
 g - an uncursed amulet of the gourmand
 j - an uncursed amulet of the gourmand
 k - an uncursed ring of positive energy
Scrolls
 d - 2 scrolls of amnesia
 e - a scroll of teleportation
 m - 2 scrolls of identify
 n - a scroll of remove curse {unknown}
Potions
 h - 3 potions of flight
 o - a potion of lignification
Comestibles
 c - 6 rations
 f - a chunk of flesh


   Skills:
 - Level 3.2 Fighting
 * Level 3.7 Long Blades
 * Level 2.3 Armour
 + Level 3.2 Dodging
 - Level 2.1 Stealth


You had 3 spell levels left.
You didn't know any spells.
Your spell library was empty.

Dungeon Overview and Level Annotations

Branches:
Dungeon (4/15)
 Temple: D:4-7

Altars:
Fedhas

Annotations:
D:4 Dowan, Duvessa


Innate Abilities, Weirdness & Mutations

Your body is rotting away.
You thrive on raw meat.
You are immune to poison.
You have sharp fingernails.
You are carnivorous and can eat meat at any time.
Your flesh is cold resistant. (rC+)
You are immune to negative energy. (rN+++)
You do not regenerate when monsters are visible.
You are immune to unholy pain and torment.
You can survive without breathing.


Message History

Dowan gestures wildly while chanting.
Dowan blinks!
You hit the orc wizard.
The orc wizard is severely wounded.
The orc wizard hits you with a +0 dagger.
* * * LOW HITPOINT WARNING * * *
Duvessa hits you but does no damage.
The orc wizard hits you but does no damage.
You closely miss the orc wizard.
The orc wizard is severely wounded.
The orc wizard barely misses you. Duvessa hits you with a +0 short sword.
* * * LOW HITPOINT WARNING * * *
Okay, then.
As you read the scroll of teleportation, it crumbles to dust.
You feel strangely unstable.
The orc wizard points at you and mumbles some strange words.
The magic dart hits you.
* * * LOW HITPOINT WARNING * * *
Duvessa hits you with a +0 short sword!
You die...

#......# #.# #
#.##...# #.# #
#.....##
#<#### #.###.#
#..... #!# #.#
#..###
#######.###.##
#..#
#..[.........#
#..#
.#####o###..#
#... #@# #..#
##.# #e# #..#
#.# #o# #..#
#.# #e. #..#
#.# #..# #..
#..# ... .##


You could see Duvessa, Dowan, an orc priest and an orc wizard.

Vanquished Creatures
  An orc wizard (D:4)
  3 adders (D:2)
  A worm (D:2)
  3 leopard geckos
  A giant cockroach (D:3)
  3 goblins
  9 hobgoblins
  2 jackals (D:3)
  5 kobolds
  A quokka (D:3)
  2 ball pythons (D:3)
  7 bats
  9 frilled lizards
  9 rats
56 creatures vanquished.

Notes
Turn   | Place    | Note
-------+----------+-------------------------------------------
     0 | D:1      | Borgoz the Ghoul Monk began the quest for the Orb.
     0 | D:1      | Reached XP level 1. HP: 19/19 MP: 0/0
   296 | D:1      | Reached XP level 2. HP: 20/26 MP: 1/1
   371 | D:1      | Reached skill level 1 in Armour
   895 | D:1      | You fall into a shaft and drop 1 floor!
   939 | D:2      | Reached XP level 3. HP: 19/29 MP: 2/2
  1194 | D:2      | Reached XP level 4. HP: 36/38 MP: 3/3
  1601 | D:2      | Found a blossoming altar of Fedhas.
  2616 | D:4      | Noticed Duvessa
  2617 | D:4      | Noticed Dowan
  2643 | D:4      | Slain by Duvessa

Levels and vault maps discovered:
D:1:      dpeg_arrival_simpleton_a, layout_basic
D:2:      layout_basic, lemuel_crystal_altar
D:3:      layout_loops_ring, small_statue_intersection
D:4:      layout_loops_ring, first_ration, sigmund_edmund_badplayer, uniq_pikel,
          uniq_robin, uniq_duvessa

Skill      XL: |  1  2  3  4 |
---------------+-------------+-----
Long Blades    | 3 |  3.7
Armour         | 1 2 |  2.3
Dodging        | 3 |  3.2
Fighting       | |  3.2
Stealth        | |  2.1

Action                   |  1- 3 |  4- 6 || total
-------------------------+-------+-------++-------
Melee: Falchion          |    74 |    62 ||   136
  Use: Scroll            |     3 |     5 ||     8
       Potion            |     3 |     4 ||     7
 Stab: Sleeping          |     1 |       ||     1
  Eat: Chunk             |     5 |     3 ||     8
Armor: Robe              |     3 |       ||     3
       Chain mail        |    44 |    45 ||    89
Dodge: Dodged            |    34 |    18 ||    52
       Rpst.: Falchion   |    13 |     6 ||    19

Table legend:
 A = Non-vault XP
 B = Vault XP
 C = Vault XP percentage of total XP
 D = Non-vault monster count
 E = Vault monster count
 F = Vault count percentage of total count
                 A         B        C        D         E       F
            +---------+---------+-------+---------+---------+-------
      Total |     163 |       0 |   0.0 |      56 |       0 |   0.0
            +---------+---------+-------+---------+---------+-------
        D:1 |      24 |       0 |   0.0 |      15 |       0 |   0.0
        D:2 |      65 |       0 |   0.0 |      18 |       0 |   0.0
        D:3 |      32 |       0 |   0.0 |      20 |       0 |   0.0
        D:4 |      42 |       0 |   0.0 |       3 |       0 |   0.0
            +---------+---------+-------+---------+---------+-------
